 Dungeon Crawl Stone Soup version 0.26-a0-1020-ge47f559bc5 (webtiles) character file.

Game seed: 9267165702136977512

8288 KristoblXynda the Carver (level 11, -4/99 HPs)
             Began as a Yellow Draconian Gladiator on Dec 8, 2020.
             Was a Believer of Ashenzari.
             Slain by an eight-headed hydra (8 damage)
             ... on level 11 of the Dungeon.
             The game lasted 00:18:45 (12877 turns).

KristoblXynda the Carver (DrGl)                    Turns: 12877, Time: 00:18:45

Health: -4/99      AC:  9    Str: 17    XL:     11   Next: 7%
Magic:  20/20      EV: 17    Int: 10    God:    Ashenzari [**....]
Gold:   699        SH:  5    Dex: 14    Spells: 10/10 levels left

rFire    . . .     SeeInvis .   A - +6 scimitar (curse)
rCold    . . .     Faith    +   e - +0 buckler
rNeg     . . .     Spirit   .   (armour unavailable)
rPois    .         Reflect  .   b - +1 hat
rElec    .         Harm     .   (no cloak)
rCorr    +         Rampage  .   (no gloves)
Will     .....                  d - +0 pair of boots
Stlth    +.........             x - amulet of faith
HPRegen  0.26/turn              f - ring of magical power
MPRegen  0.17/turn              (no ring)

@: no status effects
A: spit acid, unfitting armour, cold-blooded, acid resistance, AC +7
a: Breathe Acid, Curse Item, Scrying, Renounce Religion


You were on level 11 of the Dungeon.
You worshipped Ashenzari.
Ashenzari was pleased with you.
You visited 2 branches of the dungeon, and saw 12 of its levels.
You also visited: Sewer.

You collected 699 gold pieces.

Inventory:

Hand Weapons
 A - a cursed +6 scimitar (weapon)
Missiles
 c - 3 throwing nets (quivered)
Armour
 b - a +1 hat (worn)
 d - a +0 pair of boots (worn)
 e - a +0 buckler (worn)
Jewellery
 f - a ring of magical power (left hand)
 x - an amulet of faith (around neck)
Wands
 w - a wand of disintegration (5)
Scrolls
 a - 2 scrolls of identify
 g - a scroll of immolation
 k - a scroll of enchant armour
 l - 6 scrolls of remove curse
 q - 2 scrolls of fog
 u - a scroll of amnesia
 y - 2 scrolls of teleportation
Potions
 i - 9 potions of curing
 m - 2 potions of mutation
 n - a potion of might {unknown}
 p - a potion of flight {unknown}
 r - a potion of brilliance
 s - a potion of haste
 t - a potion of magic {unknown}
 z - 2 potions of ambrosia {unknown}
 B - a potion of resistance
Miscellaneous
 j - a phantom mirror (inert)


   Skills:
 + Level 9.7 Fighting
 + Level 10.6(12.7) Long Blades
 - Level 2.0 Throwing
 + Level 8.4 Dodging
 - Level 4.3 Shields
 + Level 4.5 Evocations


You had 10 spell levels left.
You didn't know any spells.
Your spell library contained the following spells:

 Spells                   Type           Power        Failure   Level
 Shock                    Conj/Air       #...         36%         1
 Swiftness                Air            #.......     50%         2
 Static Discharge         Conj/Air       #.......     75%         3
 Airstrike                Air            #.........   98%         4
 Animate Dead             Necr           #.........   98%         4
 Borgnjor's Vile Clutch   Necr/Erth      #.........   100%        5
 Lightning Bolt           Conj/Air       #.........   100%        5
 Death Channel            Necr           #.........   100%        6
 Simulacrum               Ice/Necr       #.........   100%        6


Dungeon Overview and Level Annotations

Branches:
Dungeon (11/15)            Temple (1/1) D:7            Lair (0/6) D:9
    Orc (0/2) D:9           Sewer (visited)

Altars:
Ashenzari
Cheibriados
Dithmenos
Elyvilon
Fedhas
Gozag
Hepliaklqana
Kikubaaqudgha
Makhleb
Nemelex Xobeh
Okawaru
Qazlal
Ru
Sif Muna
Trog
Uskayaw
Vehumet
Wu Jian
Xom
Yredelemnul
Zin
The Shining One

Shops:
D:10 [


Innate Abilities, Weirdness & Mutations

You can spit globs of acid.
Your golden yellow scales are hard. (AC +7)
You cannot fit into any form of body armour.
You are cold-blooded and may be slowed by cold attacks.
You are resistant to acid. (rCorr)


Message History

Okay, then.
Okay, then.
Evoke which item? (* to show all) (? for menu, Esc to quit)
Aiming: Disintegrate
Press: ? - help, Shift-Dir - straight line, f/p - eight-headed hydra
Aim: an eight-headed hydra (heavily wounded, chance to resist: 50%)
The eight-headed hydra resists with some effort.
The eight-headed hydra misses you.
You riposte.
You barely miss the eight-headed hydra.
You tail-slap the eight-headed hydra, but do no damage.
The eight-headed hydra is heavily wounded.
The eight-headed hydra barely misses you.
The eight-headed hydra misses you.
The eight-headed hydra completely misses you.
The eight-headed hydra closely misses you.
The eight-headed hydra barely misses you.
The eight-headed hydra bites you!
* * * LOW HITPOINT WARNING * * *
The eight-headed hydra bites you!
You die...

#######################
...............D@.....#
#####################.#
...........# #.#
##...#####.# #.# #...#
#.# #.# #...# #.# #.#
##### #.# #.#
##########.##########.#
...................>..#


You could see an eight-headed hydra.

Vanquished Creatures
  A two-headed ogre (D:10)
  Pikel (D:5)
  Maggie (D:7)
  A gargoyle (D:11)
  A komodo dragon (D:10)
  2 trolls (D:9)
  A hornet (D:10)
  5 yaks (D:10)
  2 water moccasins
  2 orc warriors
  A sky beast (D:11)
  A black bear (D:11)
  3 ice beasts
  6 ogres
  6 centaurs
  6 wolves (D:9)
  6 bullfrogs
  A wyvern skeleton (D:7)
  A water moccasin skeleton (D:8)
  4 killer bees
  2 scorpions
  3 electric eels
  6 wights (D:8)
  12 howler monkeys
  2 bullfrog zombies
  A quasit (D:10)
  8 hounds
  2 orc priests
  6 orc wizards
  3 iguanas
  7 worker ants
  A killer bee zombie (D:8)
  A hound skeleton (D:5)
  A worker ant zombie (D:9)
  A gnoll (D:4)
  11 adders
  A howler monkey skeleton (D:9)
  3 shadow imps
  2 ufetubi
  2 oozes
  An adder skeleton (D:9)
  8 worms
  A dart slug (D:1)
  12 leopard geckos
  30 orcs
  4 ball pythons
  2 giant cockroaches
  A goblin (D:2)
  2 hobgoblins
  5 jackals
  7 quokkas
  11 bats
  3 frilled lizards
  9 kobolds
  2 quokka skeletons
  A quokka zombie (D:5)
  10 rats
236 creatures vanquished.

Vanquished Creatures (others)
  10 plants (D:8)
10 creatures vanquished.

Grand Total: 246 creatures vanquished

Notes
Turn   | Place    | Note
-------+----------+-------------------------------------------
     0 | D:1      | KristoblXynda the Draconian Gladiator began the quest for
                  | the Orb.
     0 | D:1      | Reached XP level 1. HP: 17/17 MP: 1/1
   101 | D:1      | Reached XP level 2. HP: 25/25 MP: 2/2
   430 | D:1      | Reached XP level 3. HP: 25/30 MP: 3/3
  1161 | D:2      | Reached XP level 4. HP: 38/38 MP: 4/4
  1218 | D:2      | Reached skill level 4 in Long Blades
  2378 | D:3      | Found a burning altar of Makhleb.
  2386 | D:3      | Reached XP level 5. HP: 35/45 MP: 5/5
  3066 | D:4      | Noticed an ogre
  3101 | D:4      | Killed an ogre
  3102 | D:4      | Reached skill level 5 in Long Blades
  3273 | D:4      | Reached XP level 6. HP: 52/52 MP: 6/6
  3491 | D:4      | Found an ornate altar of the Wu Jian Council.
  3823 | D:5      | Entered Level 5 of the Dungeon
  4263 | D:5      | Noticed Pikel
  4289 | D:5      | Killed Pikel
  4290 | D:5      | Reached skill level 5 in Fighting
  4290 | D:5      | Reached skill level 7 in Long Blades
  4290 | D:5      | Your scales start taking on a golden yellow colour.
  4290 | D:5      | Reached XP level 7. HP: 61/61 MP: 7/7
  4290 | D:5      | Gained mutation: You are resistant to acid. (rCorr) [Yellow
                  | Draconian growth]
  4394 | D:5      | Reached skill level 5 in Dodging
  4394 | D:5      | Reached XP level 8. HP: 52/69 MP: 8/8
  5161 | D:6      | Found a glowing drain.
  5170 | Sewer    | Entered a sewer
  5510 | Sewer    | Reached skill level 8 in Long Blades
  5848 | D:6      | Found a glowing golden altar of the Shining One.
  6291 | D:6      | Found a white marble altar of Elyvilon.
  6381 | D:6      | Found a sparkling altar of Nemelex Xobeh.
  6381 | D:6      | Found an opulent altar of Gozag.
  6475 | D:6      | Reached skill level 1 in Shields
  6642 | D:7      | Reached XP level 9. HP: 63/78 MP: 9/9
  6787 | D:7      | Noticed Maggie
  7073 | D:7      | Found a staircase to the Ecumenical Temple.
  7074 | D:7      | Found the +2 cloak of the Thief {*Fog Slay-2 SInv Stlth+}
  7085 | Temple   | Entered the Ecumenical Temple
  7201 | Temple   | Became a worshipper of Ashenzari the Shackled
  7591 | D:7      | Found a shimmering blue altar of Sif Muna.
  7673 | D:7      | Killed Maggie
  7674 | D:7      | Reached skill level 9 in Long Blades
  8855 | D:8      | Found a blossoming altar of Fedhas.
  9400 | D:8      | Reached XP level 10. HP: 67/88 MP: 10/10
  9827 | D:9      | Found a staircase to the Orcish Mines.
  9833 | D:9      | Identified the cursed +0 falchion of Girupot {vorpal, rPois
                  | rN+}
 10053 | D:9      | Reached skill level 1 in Evocations
 10516 | D:9      | Found a staircase to the Lair.
 10528 | D:9      | Found a sacrificial altar of Ru.
 10567 | D:9      | Reached skill level 10 in Long Blades
 10573 | D:9      | Found a snail-covered altar of Cheibriados.
 10573 | D:9      | Reached * piety under Ashenzari
 10917 | D:9      | Found an iron altar of Okawaru.
 11051 | D:10     | Entered Level 10 of the Dungeon
 11618 | D:10     | Found Koluryizorgh's Antique Armour Shop.
 11639 | D:10     | Noticed a two-headed ogre
 11645 | D:10     | Killed a two-headed ogre
 11836 | D:10     | Reached ** piety under Ashenzari
 12271 | D:11     | Noticed a five-headed hydra
 12437 | D:11     | Reached XP level 11. HP: 97/97 MP: 11/11
 12615 | D:11     | Noticed a seven-headed hydra
 12877 | D:11     | HP: 4/99 [eight-headed hydra (7)]
 12877 | D:11     | Slain by an eight-headed hydra

Illustrated notes

Levels and vault maps discovered:
D:1:      dpeg_arrival_shelter, layout_rooms
D:2:      layout_basic
D:3:      layout_loops_ring, minmay_misc_feat_rugged,
          makhleb_blood_cavern_becter
D:4:      kb_forest_paths, layout_cave_pods, general_overflow_altar,
          serial_forest, infiniplex_forest_end_double,
          infiniplex_forest_clump_curved, infiniplex_forest_lined_room_3,
          infiniplex_forest_lined_room_2, infiniplex_forest_clump_C,
          infiniplex_forest_clump_double, solitary_fountain,
          cheibrodos_gnoll_hut
D:5:      layout_loops_corners, uniq_pikel
D:6:      layout_basic, grunt_temple_overflow_opulence, elyvilon_altar_1,
          tso_oasis_becter, cheibrodos_sewer_entry_drain
D:7:      layout_basic, lemuel_blue_sif_altar, minmay_temple_entry_junction,
          uniq_maggie
D:8:      layout_cave_pools, fedhas_altar_1, palyth_stone_intersect,
          chequers_big_river, kennysheep_opposing_triangles
D:9:      layout_loops_ring, lemuel_crystal_altar,
          nicolae_overflow_crystal_walls, overflow_temple_1_default,
          erik_lair_island, orc_0_dummy
D:10:     layout_small_grid, serial_shops, shop_statue
D:11:     layout_basic, minmay_pinched_square, uniq_sonja
Temple:   hc_temple_tempest_star

Skill      XL: |  1  2  3  4  5  6  7  8  9 10 |
---------------+-------------------------------+-----
Throwing       | 2 |  2.0
Dodging        | 3 4 5 6 7 8 |  8.4
Fighting       | 3 5 6 8 9 |  9.7
Long Blades    | 4 5 7 8 9 10 | 10.6
Shields        | 1 4 |  4.3
Evocations     | 4 |  4.5

Action                   |  1- 3 |  4- 6 |  7- 9 | 10-12 || total
-------------------------+-------+-------+-------+-------++-------
Melee: Long sword        |    97 |   188 |   320 |       ||   605
       Tailslap          |    13 |    19 |    62 |    34 ||   128
       Scimitar          |       |       |    62 |   175 ||   237
 Abil: Breathe Acid      |       |       |    14 |     6 ||    20
Evoke: Wand              |       |     6 |     2 |     5 ||    13
       Phantom mirror    |       |       |       |     1 ||     1
  Use: Scroll            |       |     6 |    12 |     5 ||    23
       Potion            |       |     1 |     4 |     2 ||     7
 Stab: Sleeping          |     4 |     1 |     2 |       ||     7
Armor: Skin              |    26 |    53 |   282 |    43 ||   404
Dodge: Dodged            |    73 |   135 |   338 |   158 ||   704
Block: Buckler           |       |       |    43 |    56 ||    99
       Rpst.: Long sword |    25 |    43 |    89 |       ||   157
       Scimitar          |       |       |     6 |    38 ||    44

Table legend: (Time is in decaauts)
 A = Elapsed time spent in this place.
 B = Non-inter-level travel time spent in this place.
 C = Inter-level travel time spent in this place.
 D = Time resting spent in this place.
 E = Time spent auto-exploring this place.
 F = Levels seen in this place.
 G = Mean time per level.
                   A        B        C        D        E       F      G
               +--------+--------+--------+--------+--------+-----+--------+
         Total |  12988 |  12755 |    233 |   3587 |   6529 |  13 |  999.1 |
       Dungeon |  12290 |  12065 |    225 |   3182 |   6394 |  11 | 1117.3 |
        Temple |    244 |    236 |      8 |     32 |    135 |   1 |  244.0 |
         Sewer |    453 |    453 |      0 |    373 |      0 |   1 |  453.0 |
               +--------+--------+--------+--------+--------+-----+--------+

Top non-repeatable levels by time:
     D:8: 1624 daAuts
    D:10: 1420 daAuts
     D:9: 1401 daAuts
     D:7: 1340 daAuts
     D:5: 1245 daAuts
     D:3: 1224 daAuts
     D:4: 1188 daAuts
     D:6: 998 daAuts
     D:2: 853 daAuts
     D:1: 602 daAuts
   Sewer: 453 daAuts
    D:11: 390 daAuts
  Temple: 244 daAuts
